 Dungeon Crawl Stone Soup version 0.19.0-18-g426998a (webtiles) character file.

38 nikopol the Digger (level 3, -6/19 HPs)
             Began as a Gargoyle Earth Elementalist on Nov 11, 2016.
             Mangled by a gnoll
             ... wielding a +0 spear
              (7 damage)
             ... on level 2 of the Dungeon.
             The game lasted 00:06:07 (1448 turns).

nikopol the Digger (Gargoyle Earth Elementalist)    Turns: 1448, Time: 00:06:08

Health: -6/19      AC:  5    Str: 11    XL:     3   Next: 43%
Magic:  2/6        EV: 12    Int: 16    God:
Gold:   0          SH:  0    Dex: 10    Spells: 2 memorised, 3 levels left

rFire  . . .     SeeInvis .     g - +3 mace
rCold  . . .     Gourm    .     c - +0 robe
rNeg   + . .     Faith    .     (no shield)
rPois  ∞         Spirit   .     (no helmet)
rElec  +         Reflect  .     (no cloak)
rCorr  .         Harm     .     (no gloves)
MR     .....                    (no boots)
Stlth  ++........               (no amulet)
                                (no ring)
                                (no ring)

@: very slightly contaminated
A: negative energy resistance 1, electricity resistance, unbreathing,
petrification resistance, rot immunity, AC +3
a: no special abilities


You were on level 2 of the Dungeon.
You were not hungry.

You visited 1 branch of the dungeon, and saw 2 of its levels.

Inventory:

Hand Weapons
 a - a +0 club
 g - a +3 mace (weapon)
Missiles
 b - 22 stones (quivered)
Armour
 c - a +0 robe (worn)
Scrolls
 f - a scroll of magic mapping {unknown}
Potions
 h - a potion of flight {unknown}
 i - a potion of heal wounds {unknown}
Books
 e - a book of Geomancy

   Spells                             Type                      Level
   a - Sandblast                      Earth                        1
   b - Passwall                       Transmutation/Earth          2
   c - Stone Arrow                    Conjuration/Earth            3
   d - Petrify                        Transmutation/Earth          4
   e - Lee's Rapid Deconstruction     Earth                        5
Comestibles
 d - 3 bread rations


   Skills:
 + Level 2.1 Dodging
 + Level 2.8 Stealth
 + Level 2.5 Spellcasting
   Level 0.7 Transmutations
 + Level 3.9 Earth Magic


You had 3 spell levels left.
You knew the following spells:

 Your Spells              Type           Power        Failure   Level  Hunger
a - Sandblast             Erth           ##....       4%          1    #......
b - Stone Arrow           Conj/Erth      #.....       28%         3    ###....


Dungeon Overview and Level Annotations

Branches:
Dungeon (2/15)

Altars:


Innate Abilities, Weirdness & Mutations

You are resistant to torment.
Your stone body is resilient. (AC +3)
You are immune to poison.
You resist negative energy. (rN+)
You are resistant to electric shocks. (rElec)
You can survive without breathing.
You are immune to petrification.
You are immune to rotting.


Message History

You miscast Sandblast.
You are very lightly contaminated with residual magic.
Nothing appears to happen.
The gnoll hits you with a spear! The gnoll closely misses you.
Casting: Sandblast
Confirm with . or Enter, or press ? or * to list all spells.
Aiming: Sandblast
Press: ? - help, Shift-Dir - straight line, f/p - gnoll
Aim: a gnoll, wielding a club (moderately wounded)
The blast of sand hits the gnoll.
The gnoll is moderately wounded.
The gnoll hits you with a spear.
* * * LOW HITPOINT WARNING * * *
The gnoll barely misses you.
You hit the gnoll.
The gnoll is severely wounded.
The gnoll hits you with a spear.
* * * LOW HITPOINT WARNING * * *
The gnoll barely misses you. The gnoll hits you with a spear!
You die...

.......#
##......## .
.........# ..
#........# ..
#.........
##.##.......#
g#....>.....#
.g. #g@..#
....##.g..#
..........#.#
..##........#
...........##
..............#
...............
............###
............#


You could see 2 gnolls.

Vanquished Creatures
  An adder (D:1)
  2 dart slugs (D:1)
  3 bats (D:1)
  A giant cockroach (D:1)
  2 goblins (D:1)
  3 hobgoblins (D:1)
  A frilled lizard (D:1)
  6 kobolds (D:1)
  7 rats (D:1)
26 creatures vanquished.

Notes
Turn   | Place    | Note
-------+----------+-------------------------------------------
     0 | D:1      | nikopol the Gargoyle Earth Elementalist began the quest for the Orb.
     0 | D:1      | Reached XP level 1. HP: 10/10 MP: 3/3
   181 | D:1      | Reached XP level 2. HP: 14/15 MP: 1/5
  1008 | D:1      | Reached XP level 3. HP: 19/19 MP: 6/6
  1020 | D:1      | Learned a level 3 spell: Stone Arrow
  1448 | D:2      | Mangled by a gnoll

Skill      XL: |  1  2 |
---------------+-------+-----
Dodging        | 2 |  2.1
Stealth        | |  2.8
Spellcasting   | |  2.5
Transmutations | |  0.7
Earth Magic    | |  3.9

Action                   || total
-------------------------++-------
Melee: Club              ||     5
       Mace              ||    16
 Cast: Sandblast         ||    37
  Eat: Chunk             ||     2
Armor: Robe              ||    14
Dodge: Dodged            ||    26
